 Dungeon Crawl Stone Soup version 0.18-b1-16-g289874d (webtiles) character file.

398 otab the Cudgeler (level 6, -1/94 HPs)
             Began as an Ogre Gladiator on May 1, 2016.
             Slain by an orc
             ... wielding a +0 whip
              (2 damage)
             ... on level 3 of the Dungeon.
             The game lasted 00:02:36 (3675 turns).

otab the Cudgeler (Ogre Gladiator)                  Turns: 3675, Time: 00:02:37

Health: -1/94      AC: 23    Str: 21    XL:     6   Next: 83%
Magic:  6/6        EV:  1    Int:  7    God:
Gold:   148        SH:  0    Dex: 12    Spells: 0 memorised, 5 levels left

rFire  . . .     SeeInvis .     a - +0 flail
rCold  . . .     Gourm    .     (armour currently unavailable)
rNeg   + + +     Faith    .     (no shield)
rPois  +         Spirit   .     (helmet currently unavailable)
rElec  .         Dismiss  .     (cloak currently unavailable)
rCorr  .         Reflect  .     (gloves unavailable)
SustAt .         Harm     .     (boots unavailable)
MR     .....     NoTele   +     (no amulet)
Stlth  +.........               (no ring)
                                (no ring)

@: tree-form, very slightly contaminated, hasted, very quick, not resistant to
hostile enchantments, very unstealthy
A: unfitting armour, (tough skin 0)
a: no special abilities


You were on level 3 of the Dungeon.
You were very hungry.
You were a tree.
You visited 1 branch of the dungeon, and saw 3 of its levels.

You collected 148 gold pieces.

Inventory:

Hand Weapons
 a - a +0 flail (weapon)
Missiles
 d - 3 throwing nets (quivered)
Armour
 b - a +0 robe (melded)
 c - a +0 hat (melded)
Jewellery
 g - a cursed amulet of inaccuracy {unknown}
 q - an uncursed amulet of harm {unknown}
Scrolls
 e - 6 scrolls of identify {unknown}
 h - a scroll of enchant weapon {unknown}
 i - 3 scrolls of remove curse {unknown}
 j - a scroll of enchant armour {unknown}
 s - a scroll of fog {unknown}
Potions
 n - 2 potions of resistance
 p - a potion of degeneration {unknown}
 r - a potion of cure mutation {unknown}
 u - a potion of brilliance
Books
 t - a book of Flames

   Spells                             Type                      Level
   a - Flame Tongue                   Conjuration/Fire             1
   b - Throw Flame                    Conjuration/Fire             2
   c - Conjure Flame                  Conjuration/Fire             3
   d - Inner Flame                    Hexes/Fire                   3
   e - Sticky Flame                   Conjuration/Fire             4
   f - Fireball                       Conjuration/Fire             5
Comestibles
 f - 3 bread rations
 l - a beef jerky


   Skills:
 + Level 4.5 Fighting
 * Level 7.4 Maces & Flails
 - Level 2.0 Throwing
 + Level 4.4 Dodging


You had 5 spell levels left.
You didn't know any spells.

Dungeon Overview and Level Annotations

Branches:
Dungeon (3/15)

Altars:
Gozag


Innate Abilities, Weirdness & Mutations

You are too large for most types of armour.
((You have tough skin (AC +1).))


Message History

The ooze hits you.
* * * LOW HITPOINT WARNING * * *
The orc closely misses you.
Drink which item? (? for menu, Esc to quit)
You feel better. Something hits you.
* * * LOW HITPOINT WARNING * * *
The ooze closely misses you. The orc hits you with a whip.
* * * LOW HITPOINT WARNING * * *
Drink which item? (? for menu, Esc to quit)
It was a potion of haste.
You feel yourself speed up. Something hits you.
* * * LOW HITPOINT WARNING * * *
The ooze completely misses you. The orc hits you with a whip.
* * * LOW HITPOINT WARNING * * *
You are very lightly contaminated with residual magic.
Drink which item? (? for menu, Esc to quit)
It was a potion of lignification.
You turn into a tree.
Your +0 hat melds into your body.
Your +0 robe melds into your body.
Your roots penetrate the ground.
Something hits you but does no damage. The ooze hits you but does no damage.
The orc hits you with a whip.
You die...

######..........######
#.##########..... ##'##
#.#..# #...# #.#..# #...#
#.#..#
######.<.#########'#...
#.........##...........
#.........##...........
#....{♣...##...........
#....Jo...##...........
####..)).....##..........#
#............##...........
#.....####+####.........#.
#.....# #.# #...........
#.....# #.# #..........#
#.....# #.# #########...
#.....####.#############.#


You could see an ooze and an orc.

Vanquished Creatures
  Sigmund (D:2)
  A phantom (D:3)
  An orc wizard (D:3)
  Robin (D:3)
  4 adders
  4 worms
  2 dart slugs
  3 giant geckos
  2 orcs (D:3)
  2 giant cockroaches (D:2)
  8 hobgoblins
  5 kobolds
  2 quokkas (D:2)
  10 bats
  2 giant newts
  13 goblins
  6 rats
67 creatures vanquished.

Notes
Turn   | Place    | Note
--------------------------------------------------------------
     0 | D:1      | otab the Ogre Gladiator began the quest for the Orb.
     0 | D:1      | Reached XP level 1. HP: 22/22 MP: 1/1
    79 | D:1      | HP: 1/22 [hobgoblin/club (5)]
   390 | D:1      | Reached XP level 2. HP: 25/29 MP: 2/2
   970 | D:1      | Reached XP level 3. HP: 37/37 MP: 3/3
  1016 | D:2      | Reached skill level 5 in Maces & Flails
  1318 | D:2      | Found an opulent altar of Gozag.
  1880 | D:2      | Reached XP level 4. HP: 44/45 MP: 4/4
  1918 | D:2      | Noticed Sigmund
  1940 | D:2      | Killed Sigmund
  1940 | D:2      | Reached skill level 6 in Maces & Flails
  1940 | D:2      | Reached XP level 5. HP: 10/54 MP: 5/5
  2362 | D:2      | Reached XP level 6. HP: 62/62 MP: 6/6
  3098 | D:3      | Noticed Robin
  3111 | D:3      | Killed Robin
  3315 | D:3      | Noticed a phantom
  3349 | D:3      | Killed a phantom
  3349 | D:3      | Reached skill level 7 in Maces & Flails
  3672 | D:3      | HP: 3/63 [ooze (3)]
  3674 | D:3      | HP: 1/63 [orc/whip (4)]
  3675 | D:3      | Slain by an orc

Skill      XL: |  1  2  3  4  5  6 |
---------------+-------------------+-----
Dodging        | 3 4 |  4.4
Fighting       | 3 4 |  4.5
Maces & Flails | 5 6 7 |  7.4
Throwing       | |  2.0

Action                   |  1- 3 |  4- 6 || total
-------------------------+-------+-------++-------
Melee: Flail             |   102 |   134 ||   236
  Use: Potion            |       |     7 ||     7
 Stab: Sleeping          |     2 |     1 ||     3
  Eat: Chunk             |     2 |     4 ||     6
       Beef jerky        |       |     1 ||     1
Armor: Robe              |    22 |    36 ||    58
       Skin              |       |     2 ||     2
Dodge: Dodged            |    44 |    93 ||   137
